 Dungeon Crawl Stone Soup version 0.24-a0-266-g1edb078 (webtiles) character file.

Game seed: 8503445946646999983

13526 GroovyGamera the Carver (level 11, 0/148 HPs)
             Began as a Red Draconian Fighter on Apr 21, 2019.
             Was a High Priest of Makhleb.
             Succumbed to a spiny frog's poison
             ... on level 1 of the Lair of Beasts.
             The game lasted 00:46:18 (14094 turns).

GroovyGamera the Carver (Red Draconian Fighter)    Turns: 14094, Time: 00:46:19

Health: 0/148      AC: 25    Str: 18 (19) XL:     11   Next: 76%
Magic:  17/17      EV:  2    Int:  9 (11) God:    Makhleb [*****.]
Gold:   215        SH: 12    Dex: 10 (11) Spells: 10/10 levels left

rFire    . . .     SeeInvis .   B - +1 double sword
rCold    + . .     Gourm    .   b - +1 shield
rNeg     + + +     Faith    .   (armour unavailable)
rPois    +         Spirit   .   (helmet currently unavailable)
rElec    .         Reflect  .   (cloak currently unavailable)
rCorr    .         Harm     .   (gloves currently unavailable)
MR       +....     NoTele   +   (boots currently unavailable)
Stlth    +.........             i - amulet of magic regeneration
HPRegen  0.34/turn              l - ring of protection from magic
MPRegen  0.40/turn              I - ring of protection from cold

@: lethally poisoned (0 -> -24), tree-form
A: (breathe fire), unfitting armour, AC +7
a: Minor Destruction, Lesser Servant of Makhleb, Major Destruction, Greater
Servant of Makhleb, Renounce Religion


You were on level 1 of the Lair of Beasts.
You worshipped Makhleb.
Makhleb was extremely pleased with you.
You were not hungry.
You were a tree.
You visited 2 branches of the dungeon, and saw 12 of its levels.

You collected 681 gold pieces.
You spent 466 gold pieces at shops.

Inventory:

Hand Weapons
 v - a +3 scimitar of flaming
 B - a +1 double sword (weapon)
 D - a +2 great sword of freezing
 G - a +0 vampiric long sword
 O - a +4 great sword
Missiles
 m - 82 sling bullets
 s - 62 bolts
 t - 12 tomahawks (quivered)
Armour
 b - a +1 shield (worn)
 E - a +0 pair of gloves (melded)
 F - the +0 pair of boots of the Nexus (melded) {MR+}
   (You bought it in a shop on level 5 of the Dungeon)

   It affects your resistance to hostile enchantments.
Jewellery
 i - an amulet of magic regeneration (around neck)
 l - a ring of protection from magic (left branch)
 y - a +4 ring of strength
 I - a ring of protection from cold (right branch)
Wands
 c - a wand of random effects (15)
 A - a wand of disintegration (27)
 H - a wand of paralysis (8)
 J - a wand of scattershot (4)
 K - a wand of iceblast (10)
 N - a wand of flame (17)
Scrolls
 e - 3 scrolls of enchant armour
 j - 4 scrolls of remove curse
 k - 5 scrolls of teleportation
 n - a scroll of enchant weapon
 u - a scroll of immolation
 L - a scroll of identify
Potions
 a - 2 potions of flight
 f - a potion of magic
 g - a potion of degeneration
 q - 3 potions of brilliance
 x - 2 potions of invisibility
 z - a potion of haste {unknown}
 C - a potion of resistance {unknown}
 P - a potion of berserk rage {unknown}
Comestibles
 d - 17 rations


   Skills:
 + Level 10.0 Fighting
 * Level 12.1 Long Blades
 - Level 2.6 Dodging
 + Level 9.2 Shields
 + Level 9.1 Invocations


You had 10 spell levels left.
You didn't know any spells.
Your spell library contained the following spells:

 Spells                   Type           Power        Failure   Level  Hunger
 Animate Skeleton         Necr           N/A          63%         1    ##.....
 Apportation              Tloc           #.....       63%         1    ##.....
 Confusing Touch          Hex            #.....       63%         1    ##.....
 Summon Small Mammal      Summ           #...         63%         1    ##.....


Dungeon Overview and Level Annotations

Branches:
Dungeon (11/15)            Temple (0/1) D:6            Lair (1/6) D:8
    Orc: D:9-12

Altars:
Ashenzari
Cheibriados
Dithmenos
Elyvilon
Fedhas
Hepliaklqana
Kikubaaqudgha
Makhleb
Nemelex Xobeh
Okawaru
Qazlal
Wu Jian
Yredelemnul

Shops:
D:5 :}*[[


Innate Abilities, Weirdness & Mutations

((You can breathe blasts of fire.))
((Your fiery red scales are hard. (AC +7)))
You cannot fit into any form of body armour.
((Your flesh is heat resistant. (rF+)))
((You are cold-blooded and may be slowed by cold attacks.))


Message History

* * * LOW HITPOINT WARNING * * *
You feel very sick.
* * * LOW HITPOINT WARNING * * *
You feel very sick.
* * * LOW HITPOINT WARNING * * *
You feel very sick.
* * * LOW HITPOINT WARNING * * *
You feel very sick.
* * * LOW HITPOINT WARNING * * *
You feel very sick.
* * * LOW HITPOINT WARNING * * *
You feel very sick.
Really quaff the potion of lignification?
You turn into a tree.
Your +0 pair of gloves melds into your body.
The +0 pair of boots of the Nexus {MR+} melds into your body.
Your roots penetrate the ground.
* * * LOW HITPOINT WARNING * * *
You feel sick.
You die...

******,*,,,,,#...,,,,*,* *,,,*
***...............# **,,*
#............/..# *,,,*
#.....#.......P.## **,,*
#.....#.......#..# *,,**
#......##...##...# *,,,*
#...............#* *,,**
#...............# *,,*
#........♣......#* *,,*
##.......#######†P#***,,* ***
#........# **.....,,,*
*,*####P.......#*# *,.......,*
,,,...........<#P#####.......,*
,,,............P.............,*
,,,....######...........#####,*
,,,.,,,* #...#.##.....# *,*
******,* ##.####**#.,,* *,*


There were no monsters in sight!

Vanquished Creatures
  Harold (D:11)
  Erica (D:11)
  A two-headed ogre (D:11)
  A manticore (D:11)
  A gargoyle (D:11)
  A spiny frog (Lair:1)
  3 hippogriffs
  Sigmund (D:3)
  4 hogs (D:7)
  A wyvern (D:9)
  20 yaks
  A steam dragon (D:10)
  Eustachio (D:6)
  A human (D:7)
  3 ice beasts
  A black bear (D:7)
  9 orc warriors
  4 ogres
  A necrophage (D:5)
  3 phantoms
  7 centaurs
  2 big kobolds
  5 bullfrogs
  3 scorpions
  6 killer bees
  13 wights
  4 howler monkeys
  4 crimson imps
  A centaur zombie (D:11)
  A quasit (D:9)
  2 gnoll shamans
  2 bullfrog skeletons
  8 hounds
  8 orc priests
  2 centaur skeletons
  9 orc wizards
  8 worker ants
  A hound zombie (D:5)
  2 hound skeletons
  A worker ant zombie (D:8)
  10 gnolls
  8 adders
  3 shadow imps
  A white imp (D:11)
  2 adder skeletons
  3 worms
  4 dart slugs
  9 leopard geckos
  42 orcs
  4 giant cockroaches
  8 goblins
  11 hobgoblins
  19 jackals
  7 quokkas
  A ball python skeleton (D:4)
  4 bats
  5 frilled lizards
  13 kobolds
  2 leopard gecko skeletons
  3 rats
307 creatures vanquished.

Notes
Turn   | Place    | Note
-------+----------+-------------------------------------------
     0 | D:1      | GroovyGamera the Draconian Fighter began the quest for the
                  | Orb.
     0 | D:1      | Reached XP level 1. HP: 19/19 MP: 1/1
    91 | D:1      | Reached XP level 2. HP: 18/26 MP: 2/2
   570 | D:1      | Reached XP level 3. HP: 30/31 MP: 3/3
   828 | D:2      | Found a burning altar of Makhleb.
   839 | D:2      | Reached skill level 3 in Long Blades
   863 | D:2      | Became a worshipper of Makhleb the Destroyer
  1030 | D:2      | Noticed a centaur
  1040 | D:2      | Killed a centaur
  1040 | D:2      | Reached skill level 1 in Invocations
  1040 | D:2      | Reached XP level 4. HP: 22/40 MP: 4/4
  1040 | D:2      | Reached XP level 5. HP: 25/46 MP: 5/5
  1737 | D:2      | Reached skill level 4 in Long Blades
  2086 | D:3      | Reached * piety under Makhleb
  2265 | D:3      | Noticed Sigmund
  2276 | D:3      | Killed Sigmund
  2276 | D:3      | Reached XP level 6. HP: 41/53 MP: 7/7
  2525 | D:3      | Found a faded altar of an unknown god.
  2543 | D:3      | Found an iron altar of Okawaru.
  2720 | D:4      | Found a stormy altar of Qazlal.
  2736 | D:4      | Reached skill level 5 in Long Blades
  3064 | D:4      | Your scales start taking on a fiery red colour.
  3064 | D:4      | Reached XP level 7. HP: 59/60 MP: 9/9
  3064 | D:4      | Gained mutation: Your flesh is heat resistant. (rF+) [Red
                  | Draconian growth]
  3069 | D:4      | Reached skill level 5 in Fighting
  3271 | D:4      | Found a shattered altar of Ashenzari.
  3636 | D:5      | Entered Level 5 of the Dungeon
  3641 | D:5      | Found Solotuemn's Antique Armour Shop.
  3759 | D:5      | Reached ** piety under Makhleb
  3781 | D:5      | Found Gykiefizog's General Store.
  3809 | D:5      | Bought a +0 double sword for 210 gold pieces
  3846 | D:5      | Reached skill level 5 in Shields
  3984 | D:5      | Found an ancient bone altar of Kikubaaqudgha.
  4048 | D:5      | Found Gauppam's Book Shoppe.
  4074 | D:5      | Reached skill level 6 in Long Blades
  4412 | D:5      | Found Holl's Gadget Boutique.
  4653 | D:5      | Found Ecsyde's Antique Armour Emporium.
  4809 | D:6      | Noticed Eustachio
  4841 | D:6      | Reached XP level 8. HP: 63/69 MP: 10/10
  5137 | D:6      | Found a staircase to the Ecumenical Temple.
  5172 | D:6      | Killed Eustachio
  5172 | D:6      | Reached skill level 7 in Long Blades
  5812 | D:6      | Reached skill level 5 in Invocations
  6045 | D:6      | Found an ornate altar of the Wu Jian Council.
  6212 | D:6      | Reached XP level 9. HP: 78/78 MP: 12/12
  6659 | D:7      | Reached skill level 8 in Long Blades
  6700 | D:7      | Found a white marble altar of Elyvilon.
  6712 | D:7      | Found a burning altar of Makhleb.
  6713 | D:7      | Found a hazy altar of Hepliaklqana.
  6714 | D:7      | Found a snail-covered altar of Cheibriados.
  6760 | D:7      | Found a blossoming altar of Fedhas.
  6760 | D:7      | Found a basalt altar of Yredelemnul.
  6761 | D:7      | Found a shadowy altar of Dithmenos.
  6882 | D:7      | Reached *** piety under Makhleb
  7471 | D:7      | Reached skill level 9 in Long Blades
  8055 | D:8      | Reached XP level 10. HP: 67/88 MP: 13/15
  8186 | D:8      | Found a staircase to the Lair.
  9085 | D:8      | Reached skill level 10 in Long Blades
  9219 | D:9      | Found a sparkling altar of Nemelex Xobeh.
  9506 | D:8      | Reached **** piety under Makhleb
 10577 | D:5      | Bought a pair of dazzling boots for 256 gold pieces
 10582 | D:5      | Identified the cursed +0 pair of boots of the Nexus {MR+}
                  | (You bought it in a shop on level 5 of the Dungeon)
 10738 | D:10     | Entered Level 10 of the Dungeon
 10920 | D:10     | Reached XP level 11. HP: 90/97 MP: 17/17
 11167 | D:10     | Reached skill level 11 in Long Blades
 11773 | D:10     | Reached ***** piety under Makhleb
 11914 | D:10     | Found a burning altar of Makhleb.
 12549 | D:11     | Noticed Harold
 12562 | D:11     | Killed Harold
 12710 | D:11     | Noticed a two-headed ogre
 12750 | D:11     | Killed a two-headed ogre
 13154 | D:11     | Noticed Erica
 13173 | D:11     | Killed Erica
 13247 | D:11     | Noticed a green death
 13516 | D:11     | Noticed an ogre mage
 13516 | D:11     | Noticed a deep elf mage
 13559 | D:10     | Reached skill level 12 in Long Blades
 13598 | Lair:1   | Entered Level 1 of the Lair of Beasts
 13943 | Lair:1   | Reached skill level 10 in Fighting
 14092 | Lair:1   | HP: 2/99 [poisoned by a spiny frog]
 14094 | Lair:1   | Succumbed to a spiny frog's poison

Levels and vault maps discovered:
D:1:      evilmike_arrival_sounds_zot, layout_basic
D:2:      layout_basic, bloody_makhleb
D:3:      layout_loops_ring, okawaru_metal_pillars_1_2,
          chequers_ecumenical_altar_simple, uniq_sigmund
D:4:      layout_cave_pods, old_standard_altar, cheibrodos_ashenzari_chains,
          first_ration, minmay_bisected
D:5:      layout_loops_ring, overflow_temple_1_default, serial_shops,
          nicolae_shop_window_shopping, kennysheep_mini, nicolae_shop_crystal,
          shop, nicolae_shop_waterfront
D:6:      layout_gridville, lemuel_crystal_altar,
          minmay_temple_entry_mini_moons, uniq_eustachio
D:7:      layout_basic, old_standard_altar, grunt_temple_overflow_open,
          eino_curves_01, grunt_livestock
D:8:      layout_loops_ring, lair_entry_dummy
D:9:      layout_basic, nemelex_xobeh_ov_fountains_minmay
D:10:     layout_stronghold, david_defended_altar_elf
D:11:     minmay_the_grid_plus_closed [minmay_the_grid_tree,
          minmay_the_grid_tiny_cups, minmay_the_grid_eight,
          minmay_the_grid_mess, minmay_the_grid_prize_four_corners],
          layout_basic, minmay_fire_ice_demons, uniq_harold, uniq_erica
Lair:1:   layout_chaotic_city, nicolae_quartered_pool_super,
          serial_bayou_crossing

Skill      XL: |  1  2  3  4  5  6  7  8  9 10 11 |
---------------+----------------------------------+-----
Long Blades    | 3 4 5 6 7 9 10 12 | 12.1
Fighting       | 4 5 6 7 9 10 | 10.0
Invocations    | 1 2 3 5 6 8 9 |  9.1
Shields        | 4 5 6 7 8 9 |  9.2
Dodging        | |  2.6

Action                   |  1- 3 |  4- 6 |  7- 9 | 10-12 || total
-------------------------+-------+-------+-------+-------++-------
Melee: Long sword        |   106 |   142 |    74 |       ||   322
       Tailslap          |    13 |    26 |    54 |    83 ||   176
       Double sword      |       |       |   302 |   520 ||   822
Throw: Tomahawk          |       |       |     3 |    22 ||    25
Invok: Greater Servant o |       |       |       |     1 ||     1
 Abil: Breathe Fire      |       |       |     4 |     9 ||    13
  Use: Potion            |       |     1 |     2 |     6 ||     9
       Scroll            |       |     5 |     2 |    11 ||    18
 Stab: Sleeping          |       |     2 |       |       ||     2
  Eat: Chunk             |     1 |     6 |    14 |    15 ||    36
       Ration            |       |       |     1 |     2 ||     3
Armor: Skin              |    26 |    56 |    74 |   101 ||   257
Dodge: Dodged            |    49 |    61 |   125 |   205 ||   440
Block: Shield            |    52 |    97 |   208 |   323 ||   680
       Rpst.: Long sword |    13 |    21 |     6 |       ||    40
       Double sword      |       |       |    21 |    51 ||    72

Table legend:
 A = Non-vault XP
 B = Vault XP
 C = Vault XP percentage of total XP
 D = Non-vault monster count
 E = Vault monster count
 F = Vault count percentage of total count
                 A         B        C        D         E       F
            +---------+---------+-------+---------+---------+-------
      Total |   14625 |    4698 |  24.3 |     285 |      22 |   7.2
            +---------+---------+-------+---------+---------+-------
        D:1 |      43 |       0 |   0.0 |      21 |       0 |   0.0
        D:2 |     229 |       0 |   0.0 |      29 |       0 |   0.0
        D:3 |      32 |     223 |  87.5 |      15 |       1 |   6.2
        D:4 |     387 |      64 |  14.2 |      15 |       3 |  16.7
        D:5 |     502 |       0 |   0.0 |      19 |       0 |   0.0
        D:6 |    1180 |     185 |  13.6 |      19 |       1 |   5.0
        D:7 |     894 |    1000 |  52.8 |      32 |       5 |  13.5
        D:8 |    3730 |       0 |   0.0 |      46 |       0 |   0.0
        D:9 |    3284 |       0 |   0.0 |      38 |       0 |   0.0
       D:10 |    2374 |      93 |   3.8 |      35 |       1 |   2.8
       D:11 |    1324 |    3133 |  70.3 |      14 |      11 |  44.0
     Lair:1 |     646 |       0 |   0.0 |       2 |       0 |   0.0
            +---------+---------+-------+---------+---------+-------
